 Dungeon Crawl Stone Soup version 0.29.1-12-g30fa7ad0bf (webtiles) character file.

Game seed: 16677367252248178236

825 Gabide the Trooper (level 8, -3/96 HPs)
             Began as a Formicid Berserker on Dec 19, 2022.
             Was a Priest of Trog.
             Slain by an orc priest
             ... wielding a +0 flail of protection
              (7 damage)
             ... on level 5 of the Dungeon.
             The game lasted 00:07:33 (6281 turns).

Gabide the Trooper (Formicid Berserker)             Turns: 6281, Time: 00:07:33

Health: -3/96      AC: 24    Str: 24    XL:     8   Next: 17%
Magic:  8/8        EV:  2    Int:  7    God:    Trog [***...]
Gold:   259        SH:  0    Dex: 13    Spells: 7/7 levels left

rFire   . . .      SeeInvis .   j - +0 giant club
rCold   . . .      Faith    .   (shield currently unavailable)
rNeg    . . .      Spirit   .   (body armour currently unavailable)
rPois   +          Reflect  .   (helmet unavailable)
rElec   .          Harm     .   (cloak currently unavailable)
rCorr   .          Rampage  .   (gloves currently unavailable)
Will    ++...                   (boots currently unavailable)
Stlth   +.........              (no amulet)
HPRegen 1.26/turn               (no ring)
MPRegen 0.11/turn               (no ring)

@: tree-form (expiring), strong-willed, attractive, regenerating
A: stationary, stasis, torment immunity, boosted hp, permanent stasis, dig
shafts and tunnels, (antennae 3), four strong arms
a: Renounce Religion, Trog's Hand


You were on level 5 of the Dungeon.
You worshipped Trog.
Trog was most pleased with you.
You were a tree.
You visited 1 branch of the dungeon, and saw 5 of its levels.

You collected 259 gold pieces.

Inventory:

Hand Weapons
 a - a +0 flail
 j - a +0 giant club (weapon)
Missiles
 r - a throwing net (quivered)
Armour
 b - a +0 chain mail (melded)
Scrolls
 d - a scroll of poison {unknown}
 f - 2 scrolls of teleportation {unknown}
 g - a scroll of silence {unknown}
 i - a scroll of amnesia {unknown}
 n - a scroll of fog {unknown}
 q - a scroll of immolation {unknown}
 s - a scroll of enchant weapon {unknown}
 t - a scroll of blinking {unknown}
Potions
 e - a potion of curing
 h - 2 potions of mutation
 l - a potion of flight {unknown}
 m - a potion of magic {unknown}
 v - a potion of heal wounds {unknown}
 w - a potion of ambrosia {unknown}
 x - a potion of berserk rage {unknown}


   Skills:
 * Level 6.2 Fighting
 * Level 6.1 Maces & Flails
 - Level 4.0 Armour
 + Level 3.6 Dodging


You had 7 spell levels left.
You didn't know any spells.
Your spell library was empty.

Dungeon Overview and Level Annotations

Branches:
Dungeon (5/15)
 Temple: D:4-7

Altars:
Elyvilon
Hepliaklqana
Ru
Vehumet


Innate Abilities, Weirdness & Mutations

You are a tree.
Your roots penetrate the ground, keeping you stationary.
You cannot be teleported.
You are immune to unholy pain and torment.
Your maximum health is greatly increased.
Your equipment is partially melded.
You cannot be hasted, slowed, berserked, paralysed or teleported.
You can dig through walls and to a lower floor.
((You have a pair of large antennae on your head. (SInv)))
Your four strong arms can wield two-handed weapons with a shield.


Message History

Your transformation is almost over.
The gnoll hits you from afar with a +0 spear.
* * * LOW HITPOINT WARNING * * *
The gnoll hits you but does no damage.
The orc priest hits you with a +0 flail of protection.
* * * LOW HITPOINT WARNING * * *
You closely miss the orc priest.
The orc priest is severely wounded.
The gnoll hits you but does no damage. x2
The orc priest hits you but does no damage.
The gnoll hits you but does no damage.
You hit the orc priest but do no damage.
The orc priest is severely wounded.
The gnoll hits you but does no damage.
The orc priest hits you but does no damage.
The gnoll hits you but does no damage. x2
The orc priest mumbles some strange prayers to Beogh against you.
Beogh smites you!
* * * LOW HITPOINT WARNING * * *
You barely miss the orc priest.
The orc priest is severely wounded.
The gnoll hits you but does no damage. x2
The orc priest hits you but does no damage.
You closely miss the orc priest.
The orc priest is severely wounded.
The gnoll hits you but does no damage. x2
The orc priest hits you but does no damage.
The gnoll hits you but does no damage.
You completely miss the orc priest.
The orc priest is severely wounded.
The gnoll hits you from afar with a +0 spear.
* * * LOW HITPOINT WARNING * * *
The orc priest calls down the wrath of Beogh upon you.
Beogh smites you!
* * * LOW HITPOINT WARNING * * *
The gnoll hits you but does no damage. The gnoll completely misses you.
It was a potion of attraction.
You feel attractive to monsters.
The orc priest hits you with a +0 flail of protection!
You die...

.## ..# ..# #...... .#.
......# ...+.## ......#
#..#...##.......
##.#.#..#gg.....
####.##♣#g.o...#
.###..#o#.{.....
###...g(g....... ..
......................
..#.....########<#.......
..#.....# ##...##...#.
..#.....# ##...........
..#.....# #............
........#####............


You could see an orc priest and 2 gnolls.

Vanquished Creatures
  2 black bears (D:4)
  2 ogres (D:5)
  2 gnoll boudas
  An orc wizard (D:4)
  An iguana (D:4)
  Robin (D:2)
  18 gnolls
  7 adders
  A white imp (D:4)
  An ufetubus (D:4)
  A dart slug (D:2)
  13 orcs
  2 bats (D:3)
  4 endoplasms
  2 giant cockroaches (D:4)
  14 goblins
  11 hobgoblins
  6 jackals
  A quokka (D:3)
  10 ball pythons
  5 frilled lizards
  4 kobolds
  5 rats
114 creatures vanquished.

Notes
Turn   | Place    | Note
-------+----------+-------------------------------------------
     0 | D:1      | Gabide the Formicid Berserker began the quest for the Orb.
     0 | D:1      | Reached XP level 1. HP: 18/18 MP: 1/1
    33 | D:1      | Found a faded altar of an unknown god.
   404 | D:1      | Reached XP level 2. HP: 18/24 MP: 2/2
  1189 | D:1      | Reached XP level 3. HP: 19/30 MP: 3/3
  1693 | D:2      | Noticed Robin
  1702 | D:2      | Reached XP level 4. HP: 37/37 MP: 4/4
  1702 | D:2      | Reached ** piety under Trog
  1792 | D:2      | Found a radiant altar of Vehumet.
  2049 | D:2      | Killed Robin
  2095 | D:2      | Reached XP level 5. HP: 28/43 MP: 5/5
  2666 | D:3      | You fall into a shaft and drop 1 floor!
  3492 | D:3      | Reached *** piety under Trog
  3493 | D:3      | Reached skill level 5 in Fighting
  3493 | D:3      | Reached XP level 6. HP: 20/51 MP: 6/6
  4302 | D:4      | Reached skill level 5 in Maces & Flails
  4494 | D:4      | Noticed a black bear
  4501 | D:4      | Killed a black bear
  4539 | D:4      | Noticed a black bear
  4566 | D:4      | Reached XP level 7. HP: 52/56 MP: 7/7
  4894 | D:4      | Found a hazy altar of Hepliaklqana.
  4913 | D:4      | Found a sacrificial altar of Ru.
  4982 | D:4      | Found a white marble altar of Elyvilon.
  5288 | D:5      | Entered Level 5 of the Dungeon
  5683 | D:4      | Reached XP level 8. HP: 24/64 MP: 8/8
  6280 | D:5      | HP: 2/96 [orc priest/divine providence (14)]
  6281 | D:5      | Slain by an orc priest

Illustrated notes

Levels and vault maps discovered:
D:1:      dpeg_arrival_rooms_c, layout_loops_corners,
          shapermc_ecumenical_altar_starsandcircs
D:2:      layout_loops_ring, basic_altar, uniq_robin
D:3:      layout_basic, grunt_ministairs_14
D:4:      layout_loops_ring, marbit_many_paths, grunt_temple_overflow_open,
          portal_sewer_entry_a
D:5:      layout_rooms, minmay_temple_entry_poolview, minmay_quadrilaterals,
          uniq_edmund, uniq_grinder

Skill      XL: |  1  2  3  4  5  6  7  8 |
---------------+-------------------------+-----
Dodging        | 2 3 |  3.6
Fighting       | 4 5 6 |  6.2
Maces & Flails | 4 5 6 |  6.1
Armour         | 3 4 |  4.0

Action                   |  1- 3 |  4- 6 |  7- 9 || total
-------------------------+-------+-------+-------++-------
Melee: Mace              |    95 |   176 |       ||   271
       Flail             |       |    39 |    46 ||    85
       Punch             |       |     2 |       ||     2
       Giant club        |       |       |    60 ||    60
Throw: Dart              |     2 |     1 |     7 ||    10
       Boomerang         |       |    19 |     1 ||    20
Invok: Trog's Hand       |       |     2 |     1 ||     3
  Use: Potion            |       |     1 |     2 ||     3
       Scroll            |       |     3 |     1 ||     4
Armor: Chain mail        |    70 |   205 |    42 ||   317
       Skin              |       |       |    71 ||    71
Dodge: Dodged            |    53 |   171 |    62 ||   286
